 Dungeon Crawl Stone Soup version 0.30-a0-883-g5ad918d77d (webtiles) character file.

Game seed: 5359838100854238262

981 Pimp the Sneak (level 8, 0/46 HPs)
             Began as an Octopode Fire Elementalist on Mar 17, 2023.
             Succumbed to a scorpion's poison
             ... on level 6 of the Dungeon.
             The game lasted 00:17:53 (5120 turns).

Pimp the Sneak (Octopode Fire Elementalist)         Turns: 5120, Time: 00:17:53

Health: 0/46       AC:  1    Str: 11    XL:     8   Next: 17%
Magic:  13/14      EV: 14    Int: 18    God:
Gold:   369        SH:  0    Dex: 12    Spells: 4/15 levels left

rFire   . . .      SeeInvis +    c - +2 falchion (flame)
rCold   . . .      Faith    .    (no shield)
rNeg    . . .      Spirit   .    (helmet restricted)
rPois   .          Reflect  .    j - amulet of regeneration
rElec   .          Rampage  .    f - ring of see invisible
rCorr   .                        (no ring)
Will    .....                    (no ring)
Stlth   ++++                     (no ring)
HPRegen 1.07/turn                (no ring)
MPRegen 0.14/turn                (no ring)
                                 (no ring)
                                 (no ring)

@: mighty, brilliant, lethally poisoned (0 -> -5), weak-willed
A: almost no armour, amphibious, 8 rings, camouflage 1, gelatinous body 1,
(nimble swimmer 1), tentacles, strong 1
a: no special abilities


You were on level 6 of the Dungeon.
You visited 1 branch of the dungeon, and saw 6 of its levels.
You also visited: Sewer.

You collected 369 gold pieces.

Inventory:

Hand Weapons
 c - a +2 falchion of flaming (weapon)
 d - a +0 whip
 k - a +0 great sword
Missiles
 e - 67 stones
Jewellery
 f - a ring of see invisible (left tentacle)
 j - an amulet of regeneration (around mantle)
Wands
 h - a wand of charming (2) (quivered)
 o - a wand of mindburst (22)
Scrolls
 g - 4 scrolls of identify
 l - a scroll of amnesia {unknown}
 m - a scroll of vulnerability
 n - a scroll of fear {unknown}
Potions
 a - 5 potions of flight


   Skills:
 + Level 4.5 Dodging
 + Level 6.3 Stealth
 + Level 4.2 Spellcasting
 + Level 4.0 Conjurations
 + Level 5.0 Fire Magic


You had 4 spell levels left.
You knew the following spells:

 Your Spells              Type           Power      Damage    Failure   Level
a - Foxfire               Conj/Fire      100%       2x1d9     2%          1
b - Scorch                Fire           64%        2d8       2%          2
c - Necrotise             Necr           20%        1d5       14%         1
d - Kindle Blastsparks    Fire/Tloc/Air  28%        2d12      22%         3
e - Flame Wave            Conj/Fire      30%        2d9       22%         4

Your spell library contained the following spells:

 Spells                   Type           Power      Damage    Failure   Level
 Apportation              Tloc           10%        N/A       14%         1
 Summon Small Mammal      Summ           20%        N/A       14%         1
 Inner Flame              Hex/Fire       19%        N/A       16%         3
 Lesser Beckoning         Tloc           10%        N/A       22%         2
 Call Canine Familiar     Summ           5%         N/A       41%         3
 Frozen Ramparts          Ice            10%        1d2       41%         3
 Gell's Gravitas          Tloc           5%         N/A       41%         3
 Summon Guardian Golem    Hex/Summ       5%         N/A       41%         3
 Teleport Other           Tloc           5%         N/A       41%         3
 Animate Dead             Necr           5%         N/A       82%         4
 Freezing Cloud           Conj/Ice/Air   6%         6-21      93%         5
 Borgnjor's Revivificati  Necr           2%         N/A       100%        8


Dungeon Overview and Level Annotations

Branches:
Dungeon (6/15)              Sewer (visited)
 Temple: D:4-7

Altars:
Gozag
Makhleb
Qazlal
Trog
Vehumet
Xom
Zin

Shops:
D:2 [

Annotations:
D:5 Sigmund


Innate Abilities, Weirdness & Mutations

You cannot wear most types of armour.
You are amphibious.
You can wear up to eight rings at the same time.
Your skin changes colour to match your surroundings (Stealth+).
Your rubbery body absorbs attacks. (AC +1, EV +1)
((You are camouflaged when in or above water. (Stealth+)))
You have tentacles for arms and can constrict up to eight enemies at once.
Your muscles are strong. (Str +4, Int/Dex -1)


Message History

The bullfrog is heavily wounded.
You feel sick. The bullfrog closely misses you.
Casting: Foxfire (safe; 2% risk of failure)
Confirm with . or Enter, or press ? or * to list all spells.
You conjure some foxfire!
You feel sick. The bullfrog hits you.
Your foxfire dissipates!
The bullfrog attacks as you move away! The bullfrog hits you.
You feel sick.
The foxfire hits the bullfrog.
The bullfrog is severely wounded.
The bullfrog barely misses you.
Okay, then.
It was a potion of might.
You feel very mighty all of a sudden.
You feel sick. The bullfrog hits you.
* * * LOW HITPOINT WARNING * * *
You closely miss the bullfrog. You grab the bullfrog. You squeeze the bullfrog!
You kill the bullfrog!
You feel sick.
You are no longer poisoned.
The scorpion completely misses you. The scorpion closely misses you.
Your Conjurations skill increases to level 4!
Your Fire Magic skill increases to level 5!
It was a potion of brilliance.
You feel clever all of a sudden. The hound bites you.
* * * LOW HITPOINT WARNING * * *
The scorpion barely misses you. The hound bites you.
* * * LOW HITPOINT WARNING * * *
As you read the scroll labelled MEPHOT QOSIL, it crumbles to dust.
Magic quickly surges around you.
It was a scroll of vulnerability.
The hound bites you.
* * * LOW HITPOINT WARNING * * *
The scorpion stings you.
* * * LOW HITPOINT WARNING * * *
You are lethally poisoned!
The scorpion poisons you!
As you read the scroll labelled QUONGE QIRELO, it crumbles to dust.
It is a scroll of enchant weapon.
Your +1 falchion of flaming glows red for a moment.
You die...

#####.#.##h.# #)#
..:.........# #<# #.#.##
#.# #.#..# # #.#
#.##.##.#####.####.##
#.##.........#......#
######.##.########.#####.#
#.......sh# ##.# #.#
#.##.####@## #..# #..
#.##.###...## #..#####.#
#.##.##.....## #..##.##.#
#.##.#.......####....#....
#.#.......†........##.####
#............#####.####
###.........## #.#
#.#.##..... ..# #.#.
##..### ###


You could see a scorpion (weak-willed) and a hound (weak-willed).

Vanquished Creatures
  2 water moccasins
  An ogre (D:6)
  A phantom (D:5)
  A bullfrog (D:6)
  A scorpion (D:5)
  A howler monkey (D:6)
  2 hounds
  An orc priest (D:4)
  3 iguanas (D:6)
  An orc wizard (D:4)
  6 adders
  6 gnolls (D:4)
  2 river rats (Sewer)
  An ufetubus (D:5)
  2 worms (Sewer)
  4 dart slugs
  13 orcs
  5 endoplasms
  4 giant cockroaches
  5 goblins
  6 hobgoblins
  4 jackals
  5 quokkas
  13 ball pythons
  13 bats
  9 frilled lizards
  8 kobolds
  5 rats
125 creatures vanquished.

Vanquished Creatures (collateral kills)
  A gnoll (D:4)
  An orc (D:5)
2 creatures vanquished.

Vanquished Creatures (others)
  An orc wizard (D:5)
  An orc (D:5)
  132 foxfires
134 creatures vanquished.

Grand Total: 261 creatures vanquished

Notes
Turn   | Place    | Note
-------+----------+-------------------------------------------
     0 | D:1      | Pimp the Octopode Fire Elementalist began the quest for the
                  | Orb.
     0 | D:1      | Reached XP level 1. HP: 11/11 MP: 3/3
   241 | D:1      | Reached XP level 2. HP: 17/17 MP: 5/5
   250 | D:1      | Reached skill level 3 in Stealth
   639 | D:1      | Reached XP level 3. HP: 21/21 MP: 6/6
   691 | D:1      | Found a faded altar of an unknown god.
   823 | D:1      | Gained mutation: You occasionally lose the ability to drink
                  | potions when taking damage. [potion of mutation]
   823 | D:1      | Lost mutation: You occasionally lose the ability to drink
                  | potions when taking damage. [potion of mutation]
   823 | D:1      | Gained mutation: Your muscles are strong. (Str +4, Int/Dex
                  | -1) [potion of mutation]
  1163 | D:2      | Found Faoz's Antique Armour Emporium.
  1529 | D:2      | Learned a level 2 spell: Scorch
  1949 | D:3      | Reached XP level 4. HP: 20/27 MP: 4/7
  2303 | D:3      | Found an opulent altar of Gozag.
  2415 | D:3      | Found a glowing silver altar of Zin.
  2757 | D:4      | Noticed a water moccasin
  2788 | D:4      | You fall into a shaft and drop 1 floor!
  2788 | D:5      | Entered Level 5 of the Dungeon
  2796 | D:5      | Noticed a phantom
  2830 | D:5      | Killed a phantom
  2831 | D:5      | Reached skill level 4 in Stealth
  2831 | D:5      | Reached XP level 5. HP: 23/31 MP: 5/9
  2882 | D:5      | Noticed Sigmund
  2934 | D:5      | Found a glowing drain.
  2955 | Sewer    | Entered a sewer
  3259 | Sewer    | Identified the +0 cloak of Luuhuene {Int+3}
  3364 | Sewer    | Reached XP level 6. HP: 14/36 MP: 8/10
  3470 | D:5      | Found a radiant altar of Vehumet.
  3693 | D:4      | Killed a water moccasin
  3694 | D:4      | Reached skill level 5 in Stealth
  3905 | D:4      | Found a stormy altar of Qazlal.
  4077 | D:4      | Reached XP level 7. HP: 41/41 MP: 5/12
  4082 | D:4      | Learned a level 1 spell: Necrotise
  4086 | D:4      | Learned a level 3 spell: Kindle Blastsparks
  4091 | D:4      | Learned a level 4 spell: Flame Wave
  4200 | D:4      | Found a shimmering altar of Xom.
  4433 | D:4      | Found a bloodstained altar of Trog.
  4814 | D:6      | Reached skill level 6 in Stealth
  4857 | D:6      | Found a burning altar of Makhleb.
  4911 | D:6      | Reached XP level 8. HP: 46/46 MP: 11/14
  5088 | D:6      | Got the Precepts of Frost and the Graveyard
  5118 | D:6      | Reached skill level 5 in Fire Magic
  5119 | D:6      | HP: 2/46 [scorpion (1)]
  5120 | D:6      | Succumbed to a scorpion's poison

Illustrated notes

Levels and vault maps discovered:
D:1:      nicolae_arrival_somewhat_less_tricky_arrival, layout_basic,
          ebering_ecumenical_altar_hall, minmay_pentomino_s4
D:2:      layout_loops_ring, serial_shops,
          nicolae_shop_temple_entry_statues_fountains
D:3:      layout_basic, grunt_gozag_statues, zin_statuary, moated_statue,
          hangedman_feature_mirror, chequers_arboretum
D:4:      layout_basic, tgw_xom, nicolae_qazlal_general_emergency,
          trog_three_pillars_becter
D:5:      layout_loops_ring, lemuel_doored_altar, minmay_temple_entry_hall,
          portal_sewer_entry_c, uniq_sigmund
D:6:      layout_loops_ring, lemuel_coloured_pillars_altar

Skill      XL: |  1  2  3  4  5  6  7  8 |
---------------+-------------------------+-----
Stealth        | 3 4 5 6 |  6.3
Conjurations   | 2 3 4 |  4.0
Dodging        | 3 4 |  4.5
Spellcasting   | 3 4 |  4.2
Fire Magic     | 4 5 |  5.0

Action                     |  1- 3 |  4- 6 |  7- 9 || total
---------------------------+-------+-------+-------++-------
  Melee: Whip              |    62 |     9 |       ||    71
         Unarmed           |     4 |       |       ||     4
         Constrict         |    15 |    23 |    15 ||    53
         Tentacles         |    13 |    19 |    13 ||    45
         Falchion          |       |    90 |    53 ||   143
         Punch             |       |     1 |       ||     1
   Cast: Foxfire           |    16 |    56 |    21 ||    93
         Necrotise         |       |       |     4 ||     4
  Evoke: Wand              |       |     6 |       ||     6
    Use: Scroll            |     3 |     9 |     3 ||    15
         Potion            |     1 |     7 |     2 ||    10
   Stab: Sleeping          |    11 |    14 |     1 ||    26
 Armour: Skin              |    14 |    17 |     4 ||    35
  Dodge: Dodged            |    63 |   117 |    67 ||   247

Table legend: (Time is in decaauts)
 A = Elapsed time spent in this place.
 B = Non-inter-level travel time spent in this place.
 C = Inter-level travel time spent in this place.
 D = Time resting spent in this place.
 E = Time spent auto-exploring this place.
 F = Levels seen in this place.
 G = Mean time per level.
                   A        B        C        D        E       F      G
               +--------+--------+--------+--------+--------+-----+--------+
         Total |   5175 |   4866 |    309 |    352 |   3145 |   7 |  739.3 |
       Dungeon |   4694 |   4385 |    309 |    340 |   2909 |   6 |  782.3 |
         Sewer |    480 |    480 |      0 |     12 |    236 |   1 |  480.0 |
               +--------+--------+--------+--------+--------+-----+--------+

Top non-repeatable levels by time:
     D:1: 1141 daAuts
     D:3: 998 daAuts
     D:4: 990 daAuts
     D:2: 622 daAuts
     D:6: 534 daAuts
   Sewer: 480 daAuts
     D:5: 407 daAuts
